 Dungeon Crawl Stone Soup version 0.31-a0-344-gd109795599 (webtiles) character file.

Game seed: 18256025013945269251

29 AdnanSaban the Covered (level 3, 0/23 HPs)
             Began as a Gargoyle Fighter on July 22, 2023.
             Killed from afar by Sigmund (9 damage)
             ... with a puff of flame
             ... on level 2 of the Dungeon.
             The game lasted 00:01:25 (1085 turns).

AdnanSaban the Covered (Gargoyle Fighter)           Turns: 1085, Time: 00:01:26

Health: 0/23       AC: 11    Str: 21    XL:     3   Next: 16%
Magic:  3/3        EV:  9    Int:  8    God:
Gold:   100        SH:  0    Dex:  9    Spells: 2/2 levels left

rFire   . . .        a - +0 flail
rCold   . . .        c - +0 buckler
rNeg    + . .        b - +0 scale mail
rPois   ∞            (no helmet)
rElec   +            i - +0 cloak
rCorr   .            (no gloves)
SInv    .            (no boots)
Will    .....        (no amulet) Stlth
                     (no ring)
HPRegen 0.23/turn    (no ring)
MPRegen 0.08/turn

%: no passive effects
@: confused
A: sickness immunity, AC +3, negative energy resistance 1, electricity
resistance, torment resistance 1, petrification resistance
a: no special abilities


You were on level 2 of the Dungeon.
You visited 1 branch of the dungeon, and saw 2 of its levels.

You collected 100 gold pieces.

Inventory:

Hand Weapons
 a - a +0 flail (weapon)
Armour
 b - a +0 scale mail (worn)
 c - a +0 buckler (worn)
 i - a +0 cloak (worn)
Jewellery
 h - a ring of resist corrosion
Scrolls
 e - a scroll of identify {unknown}
 f - a scroll of enchant armour {unknown}
 g - a scroll of immolation {unknown}
 j - a scroll of revelation {unknown}
 l - a scroll of teleportation {unknown}
Potions
 d - a potion of might
 k - a potion of mutation {unknown}


   Skills:
 + Level 3.6 Fighting
 + Level 2.6 Maces & Flails
 + Level 3.6 Armour
 + Level 3.5 Shields


You had 2 spell levels left.
You didn't know any spells.
Your spell library contained the following spells:

 Spells                   Type           Power      Damage    Failure   Level
 Foxfire                  Conj/Fire      0%         2x1d4     82%         1
 Plasma Beam              Fire/Air       0%         2x1d10    100%        6
 Starburst                Conj/Fire      0%         6d3       100%        6


Dungeon Overview and Level Annotations

Branches:
Dungeon (2/15)

Altars:
Okawaru

Annotations:
D:2 Sigmund


Innate Abilities, Weirdness & Mutations

You are immune to sickness and miasma.
Your stone body is resilient. (AC +3)
You are immune to poison.
You resist negative energy. (rN+)
You are resistant to electric shocks. (rElec)
You are resistant to unholy torment.
You are immune to petrification.


Message History

You hear some strange, mumbled words.
Something tries to affect you, but you resist.
You are too confused!
You are too confused!
You are too confused!
You bump into the rock wall.
Something hits you.
You bump into the rock wall.
Something hits you but does no damage.
You're too confused to move!
A magic dart appears from out of thin air!
The magic dart hits you. Something hits you but does no damage.
You feel less confused. Something hits you but does no damage.
Sigmund appears from thin air!
Reactivating autopickup.
Sigmund casts a spell at you.
You are confused.
You bump into the rock wall.
You bump into the rock wall.
Sigmund laughs darkly.
Sigmund hits you from afar with a +0 scythe!
Sigmund gestures at you while chanting.
You are more confused.
You bump into the rock wall.
Sigmund gestures at you while chanting.
You are more confused.
You're too confused to move!
You're too confused to move!
Sigmund breathes a few words.
Sigmund's hands start flickering wildly.
Sigmund hits you but does no damage.
You bump into the rock wall.
You bump into the rock wall.
Sigmund hits you but does no damage.
You bump into the rock wall.
Sigmund hits you but does no damage.
You bump into the rock wall.
You bump into the rock wall.
Sigmund hits you from afar with a +0 scythe.
Sigmund gestures at you while chanting. The puff of flame hits you!
You die...

.......(..........######.#
..................# #.#
......####'###+#.## #.#
......# #.# #.#.# #.#
##'#### #.# #.#.# #.# #.#
#.# #.#@# #.# #.# #####.#
#.#.# #.# #.# #.....#
#.#.# #.# #.# #.....#
#.#@### #.#
##.###.....###.#.#.# #.#
..{.##........†....# #.#
...........###.#.#.#####.#
..#.######.# #.#.#.......#
..#.# #.# #.#.#########
..#.# #.# #.#.# ..#.# #.#
..#.# ..#.######.#.###.#


You could see Sigmund.

Vanquished Creatures
  2 bats
  3 endoplasms (D:1)
  A giant cockroach (D:1)
  2 hobgoblins (D:1)
  2 quokkas (D:1)
  10 ball pythons
  3 frilled lizards (D:1)
  2 goblins (D:1)
  A kobold (D:1)
  A rat (D:1)
27 creatures vanquished.

Notes
Turn   | Place    | Note
-------+----------+-------------------------------------------
     0 | D:1      | AdnanSaban the Gargoyle Fighter began the quest for the
                  | Orb.
     0 | D:1      | Reached XP level 1. HP: 14/14 MP: 1/1
    82 | D:1      | Reached XP level 2. HP: 15/19 MP: 2/2
   566 | D:1      | Reached XP level 3. HP: 19/23 MP: 3/3
   954 | D:2      | Found an iron altar of Okawaru.
  1004 | D:2      | Noticed Sigmund
  1085 | D:2      | Killed from afar by Sigmund

Illustrated notes

Levels and vault maps discovered:
D:1:      dpeg_arrival_shelter, layout_basic
D:2:      layout_basic, basic_altar, serial_shops, shop, shop, shop_statue,
          uniq_sigmund, uniq_jessica, uniq_robin

Action                     || total
---------------------------++-------
  Melee: Flail             ||    73
 Armour: Scale mail        ||    53
  Dodge: Dodged            ||    34
  Block: Buckler           ||    19

Table legend: (Time is in decaauts)
 A = Elapsed time spent in this place.
 B = Non-inter-level travel time spent in this place.
 C = Inter-level travel time spent in this place.
 D = Time resting spent in this place.
 E = Time spent auto-exploring this place.
 F = Levels seen in this place.
 G = Mean time per level.
                   A        B        C        D        E       F      G
               +--------+--------+--------+--------+--------+-----+--------+
         Total |   1108 |   1038 |     70 |      0 |    790 |   2 |  554.0 |
       Dungeon |   1108 |   1038 |     70 |      0 |    790 |   2 |  554.0 |
               +--------+--------+--------+--------+--------+-----+--------+

Top non-repeatable levels by time:
     D:1: 900 daAuts
     D:2: 207 daAuts
